 Dungeon Crawl Stone Soup version 0.29.1-4-g47bece8355 (webtiles) character file.

Game seed: 4463504684807837942

3723 croobank the Covert (level 10, -4/66 HPs)
             Began as an Octopode Summoner on Dec 6, 2022.
             Was an Initiate of Gozag.
             Slain by a wyvern (15 damage)
             ... on level 9 of the Dungeon.
             The game lasted 00:36:11 (11546 turns).

croobank the Covert (Octopode Summoner)            Turns: 11546, Time: 00:36:12

Health: -4/66      AC:  5    Str:  8    XL:     10   Next: 14%
Magic:  16/26      EV: 15    Int: 22    God:    Gozag
Gold:   769        SH:  0    Dex: 12    Spells: 6/19 levels left

rFire   . . .      SeeInvis .     - Unarmed
rCold   . . .      Faith    .   (no shield)
rNeg    + . .      Spirit   .   (helmet restricted)
rPois   .          Reflect  .   (no amulet)
rElec   .          Harm     .   h - ring of positive energy
rCorr   .          Rampage  .   i - +4 ring of protection
Will    .....                   u - ring of magical power
Stlth   +++++.....              (no ring)
HPRegen 0.21/turn               (no ring)
MPRegen 0.20/turn               (no ring)
                                (no ring)
                                (no ring)

@: no status effects
A: almost no armour, amphibious, 8 rings, camouflage 1, gelatinous body 1,
(nimble swimmer 1), tentacles
a: Renounce Religion, Potion Petition, Call Merchant, Bribe Branch


You were on level 9 of the Dungeon.
You worshipped Gozag.
Gozag was pleased with you.
You visited 3 branches of the dungeon, and saw 11 of its levels.
You also visited: Ossuary.

You collected 978 gold pieces.
You spent 97 gold pieces at shops.
You paid 112 gold pieces to Gozag.

Inventory:

Hand Weapons
 s - a +2 short sword of venom
Missiles
 k - 2 silver javelins
 l - 4 javelins
 t - 15 poisoned darts
Magical Staves
 w - a staff of conjuration
Jewellery
 h - a ring of positive energy (left tentacle)
 i - a +4 ring of protection (right tentacle)
 u - a ring of magical power (on tentacle)
 y - a ring of resist corrosion
Wands
 e - a wand of charming (28)
 q - a wand of mindburst (6)
 r - a wand of flame (26)
 C - a wand of polymorph (14)
Scrolls
 c - a scroll of identify
 f - a scroll of immolation
 g - 7 scrolls of teleportation
 n - a scroll of blinking
 o - a scroll of noise
 A - a scroll of poison
 D - a scroll of acquirement
 E - a scroll of fear
Potions
 a - a potion of magic
 b - 5 potions of heal wounds
 d - 9 potions of curing
 j - 3 potions of mutation
 m - a potion of ambrosia
 p - a potion of attraction
 v - a potion of haste
 x - a potion of lignification
 z - a potion of berserk rage {unknown}
 B - 3 potions of resistance


   Skills:
 + Level 5.0 Fighting
 + Level 5.6 Dodging
 + Level 8.0 Stealth
 + Level 5.0 Unarmed Combat
 + Level 5.1 Spellcasting
 + Level 4.3 Hexes
 + Level 6.6 Summonings
 + Level 3.7 Air Magic


You had 6 spell levels left.
You knew the following spells:

 Your Spells              Type           Power      Damage    Failure   Level
a - Summon Small Mammal   Summ           100%       N/A       1%          1
b - Call Imp              Summ           34%        N/A       1%          2
c - Call Canine Familiar  Summ           34%        N/A       1%          3
d - Summon Guardian Gole  Hex/Summ       29%        N/A       3%          3
e - Summon Lightning Spi  Summ/Air       28%        N/A       12%         4

Your spell library contained the following spells:

 Spells                   Type           Power      Damage    Failure   Level
 Ensorcelled Hibernation  Hex/Ice        30%        N/A       6%          2
 Foxfire                  Conj/Fire      20%        2x1d5     10%         1
 Necrotise                Necr           20%        1d5       10%         1
 Inner Flame              Hex/Fire       15%        N/A       12%         3
 Blink                    Tloc           10%        N/A       16%         2
 Conjure Flame            Conj/Fire      5%         6-21      30%         3
 Gell's Gravitas          Tloc           5%         N/A       30%         3
 Lesser Beckoning         Tloc           5%         N/A       30%         3
 Teleport Other           Tloc           5%         N/A       30%         3
 Flame Wave               Conj/Fire      5%         2d5       69%         4
 Hailstorm                Conj/Ice       5%         3d4       69%         4
 Manifold Assault         Tloc           5%         N/A       95%         5
 Summon Hydra             Summ           17%        N/A       99%         7
 Ozocubu's Refrigeration  Ice            2%         4d8       100%        7
 Storm Form               Tmut/Air       6%         N/A       100%        7
 Summon Horrible Things   Summ           17%        N/A       100%        8


Dungeon Overview and Level Annotations

Branches:
Dungeon (9/15)             Temple (1/1) D:6            Lair (1/5) D:8
Ossuary (visited)
    Orc: D:9-12

Altars:
Ashenzari
Cheibriados
Elyvilon
Gozag
Hepliaklqana
Kikubaaqudgha
Makhleb
Nemelex Xobeh
Qazlal
Ru
Sif Muna
Trog
Uskayaw
Vehumet
Wu Jian
Xom
Yredelemnul
Zin
The Shining One

Shops:
D:4 ([   D:6 *

Annotations:
D:3 2 transporters


Innate Abilities, Weirdness & Mutations

You cannot wear most types of armour.
You are amphibious.
You can wear up to eight rings at the same time.
Your skin changes colour to match your surroundings (Stealth+).
Your rubbery body absorbs attacks. (AC +1, EV +1)
((You are camouflaged when in or above water. (Stealth+)))
You have tentacles for arms and can constrict up to eight enemies at once.


Message History

Confirm with . or Enter, or press ? or * to list all spells.
A beastly little devil appears in a puff of frigid air.
Your hound bites the wyvern.
The wyvern bites your hound!
Your hound dies!
Your hound's corpse disappears in a puff of smoke!
Casting: Call Imp (safe; 1% risk of failure)
Confirm with . or Enter, or press ? or * to list all spells.
The wyvern bites your quokka!
Your quokka dies!
Your quokka's corpse disappears in a puff of smoke!
Your white imp gestures at the wyvern.
The puff of frost misses the wyvern.
The wyvern attacks as you move away! The wyvern misses you.
Your white imp gestures at the wyvern.
The puff of frost hits the wyvern!
Casting: Summon Small Mammal (safe; 1% risk of failure)
Confirm with . or Enter, or press ? or * to list all spells.
The wyvern bites you!
Your white imp closely misses the wyvern.
The wyvern barely misses you.
You tentacle-slap the wyvern but do no damage.
You squeeze the wyvern.
The wyvern is moderately wounded.
The wyvern bites you but does no damage.
Your hound closely misses the wyvern.
Unknown command.
You closely miss the wyvern. Your squeeze misses the wyvern.
The wyvern is moderately wounded.
Your white imp hits the wyvern but does no damage.
Your hound closely misses the wyvern.
The wyvern bites you.
You closely miss the wyvern. Your squeeze misses the wyvern.
The wyvern is moderately wounded.
Your hound bites the wyvern.
The wyvern bites you!
* * * LOW HITPOINT WARNING * * *
Your white imp hits the wyvern but does no damage.
Your hound bites the wyvern but does no damage.
The wyvern completely misses you. The wyvern attacks as you move away!
The wyvern bites you!
You die...
Your body crumbles into a pile of gold.

.l. ##.## ... #.#
########.###...
#...............
#.#..9...###.###
#.#hl....#
#.#######.#.@5...#
#.........'.........
#########.#......###
#.#......#
#<#........
#.#.###.#.## #.#.#
.#.# #...# .# #
.....


You could see a wyvern (ally target), a friendly guardian golem (summoned), a
friendly hound (summoned, sheltered) and a friendly white imp (summoned,
sheltered).

Vanquished Creatures
  A vampire (D:8)
  Eustachio (D:4)
  A wyvern (D:7)
  An ogre (D:4)
  2 centaurs
  A bullfrog (D:7)
  A scorpion (D:4)
  A human zombie (Ossuary)
  2 orc priests
  4 iguanas
  2 orc wizards
  2 mummies (Ossuary)
  3 adders
  2 worms
  A dart slug (D:1)
  5 orcs
  2 bats
  4 endoplasms
  A giant cockroach (D:1)
  5 hobgoblins
  2 quokkas
  A ball python (D:2)
  2 frilled lizards
  3 goblins
  2 jackal zombies (Ossuary)
  A kobold zombie (Ossuary)
  3 rats
  3 butterflies (D:6)
59 creatures vanquished.

Vanquished Creatures (collateral kills)
  Grinder (D:3)
  A wyvern (D:8)
  A basilisk (D:8)
  A sky beast (D:6)
  A centaur (D:8)
  An ogre (D:5)
  2 phantoms (D:5)
  2 elf zombies (Ossuary)
  6 killer bees (D:8)
  4 hounds
  A gnoll bouda (D:8)
  A jelly (D:5)
  Jessica (D:3)
  3 iguanas
  3 orc wizards
  A hound zombie (Ossuary)
  2 mummies (Ossuary)
  Robin (D:4)
  3 adders
  7 gnolls
  3 worms
  15 orcs
  5 endoplasms
  A giant cockroach (D:1)
  14 goblins
  3 hobgoblins
  A kobold (D:1)
  2 quokkas
  4 ball pythons
  2 bats (D:1)
  2 frilled lizards
  2 jackal zombies (Ossuary)
  2 kobold zombies (Ossuary)
  An orc zombie (Ossuary)
  4 rats
104 creatures vanquished.

Vanquished Creatures (others)
  A troll (D:9)
  A black bear (D:5)
  An ice beast (D:5)
  2 ogres (D:5)
  A gnoll sergeant (D:7)
  2 orc priests (D:5)
  An iguana (D:5)
  An orc wizard (D:6)
  3 orcs
  30 plants (D:3)
43 creatures vanquished.

Grand Total: 206 creatures vanquished

Notes
Turn   | Place    | Note
-------+----------+-------------------------------------------
     0 | D:1      | croobank the Octopode Summoner began the quest for the Orb.
     0 | D:1      | Reached XP level 1. HP: 11/11 MP: 3/3
   420 | D:1      | Reached XP level 2. HP: 17/17 MP: 1/5
   423 | D:1      | Learned a level 2 spell: Call Imp
   892 | D:1      | Reached skill level 3 in Stealth
  1388 | D:1      | Reached XP level 3. HP: 18/22 MP: 2/6
  1392 | D:1      | Learned a level 3 spell: Call Canine Familiar
  1951 | D:2      | Reached skill level 1 in Unarmed Combat
  2458 | D:2      | Found a faded altar of an unknown god.
  2563 | D:2      | Reached skill level 1 in Fighting
  2957 | D:3      | Noticed Jessica
  2965 | D:3      | Killed Jessica
  2966 | D:3      | Reached XP level 4. HP: 25/28 MP: 3/7
  3164 | D:3      | Found a transporter.
  3210 | D:3      | Reached XP level 5. HP: 33/33 MP: 1/8
  3300 | D:3      | Found a burning altar of Makhleb.
  3352 | D:3      | Identified the +1 ring mail of Kikubaaqudgha, Lusting {rF+
                  | rC+ Str-2}
  3378 | D:3      | Noticed Grinder
  3392 | D:3      | Killed Grinder
  3393 | D:3      | Reached skill level 4 in Stealth
  3393 | D:3      | Reached XP level 6. HP: 34/39 MP: 2/10
  3477 | D:3      | Found a transporter.
  3886 | D:4      | Found Limoul's Antique Weapon Shop.
  3996 | D:4      | Reached XP level 7. HP: 20/45 MP: 2/11
  4161 | D:4      | Learned a level 3 spell: Summon Guardian Golem
  4193 | D:4      | Reached skill level 5 in Stealth
  4411 | D:4      | Reached skill level 5 in Summonings
  5246 | D:4      | Identified a scroll of acquirement
  5246 | D:4      | Acquired the Compilation of Hoarfrost and the Comitatus
  5355 | D:4      | Noticed Eustachio
  5365 | D:4      | Killed Eustachio
  5366 | D:4      | Reached skill level 1 in Hexes
  5618 | D:4      | Noticed Robin
  5636 | D:4      | Killed Robin
  5709 | D:4      | Found Ra's Dragon-Slaying Spoils.
  5912 | D:5      | Entered Level 5 of the Dungeon
  6067 | D:5      | Learned a level 4 spell: Summon Lightning Spire
  6104 | D:5      | Reached XP level 8. HP: 41/52 MP: 13/13
  6237 | D:5      | Reached skill level 1 in Air Magic
  6255 | D:5      | Reached skill level 6 in Stealth
  7063 | D:6      | Found a staircase to the Ecumenical Temple.
  7068 | Temple   | Entered the Ecumenical Temple
  7234 | Temple   | Became a worshipper of Gozag Ym Sagoz the Greedy
  7340 | D:6      | Reached XP level 9. HP: 50/58 MP: 15/15
  7595 | D:6      | Found Itunim's CLEARANCE SALE!.
  7781 | D:6      | Bought 3 scrolls of identify for 30 gold pieces
  7781 | D:6      | Bought a scroll of teleportation for 15 gold pieces
  7781 | D:6      | Bought a scroll of identify for 10 gold pieces
  7781 | D:6      | Bought a wand of mindburst (6) for 42 gold pieces
  8280 | D:7      | Found a shimmering blue altar of Sif Muna.
  9051 | D:7      | Reached skill level 5 in Dodging
  9054 | D:7      | Got Sif Muna's Opusculum on Iniquitous Secrets
  9165 | D:8      | Reached skill level 7 in Stealth
  9369 | D:8      | Found a sand-covered staircase.
  9374 | Ossuary  | Entered an ossuary
  9856 | D:8      | Found an ornate altar of the Wu Jian Council.
  9862 | D:8      | Found an ancient bone altar of Kikubaaqudgha.
  9862 | D:8      | Found a radiant altar of Vehumet.
  9986 | D:8      | Identified the +6 quarterstaff of Hungering Sudden Death
                  | {vorpal, rC+ Will++ Str+3 Dex+4}
 10077 | D:8      | Found a staircase to the Lair.
 10470 | Lair:1   | Entered Level 1 of the Lair of Beasts
 10799 | D:8      | Reached skill level 5 in Spellcasting
 11081 | D:8      | Reached XP level 10. HP: 27/65 MP: 15/17
 11505 | D:9      | Reached skill level 5 in Fighting
 11505 | D:9      | Reached skill level 8 in Stealth
 11505 | D:9      | Reached skill level 5 in Unarmed Combat
 11546 | D:9      | Slain by a wyvern

Illustrated notes

Levels and vault maps discovered:
D:1:      doesnt_arrival_eight_statues, layout_basic, minmay_misc_feat_chi
D:2:      layout_basic, nicolae_ecumenical_lake_church
D:3:      gammafunk_steamed_eel, layout_basic, bloody_makhleb,
          serial_bayou_lagoon_a, uniq_grinder, uniq_jessica
D:4:      layout_basic, serial_shops, nicolae_stop_n_shop_2,
          nicolae_shop_dragon_depot, minmay_stone_trees_medium, uniq_robin,
          uniq_eustachio
D:5:      layout_cave_pools
D:6:      layout_rooms, minmay_temple_entry_butterflies, hangedman_glass_garden,
          nicolae_shop_clearance
D:7:      layout_basic, led_sif_book
D:8:      layout_gridville, grunt_temple_overflow_open, david_lair_generic,
          nicolae_ossuary_entry_plus, nzn_life_drinkers
D:9:      layout_basic, mainiacjoe_overflow_alcove_2,
          mainiacjoe_overflow_divided_tiny, serial_shops, kennysheep_mini,
          hellmonk_guarded_unrand_gong
Temple:   dpeg_chambers_temple
Lair:1:   layout_cave_pods, uniq_maggie

Skill      XL: |  1  2  3  4  5  6  7  8  9 10 |
---------------+-------------------------------+-----
Stealth        | 3 4 5 6 7 8 |  8.0
Unarmed Combat | 1 2 3 4 5 |  5.0
Fighting       | 1 2 3 4 5 |  5.0
Dodging        | 3 4 5 |  5.6
Spellcasting   | 3 4 5 |  5.1
Summonings     | 5 6 |  6.6
Hexes          | 1 3 4 |  4.3
Air Magic      | 2 3 |  3.7

Action                   |  1- 3 |  4- 6 |  7- 9 | 10-12 || total
-------------------------+-------+-------+-------+-------++-------
Melee: Unarmed           |    58 |    41 |   203 |    11 ||   313
       Tentacles         |    19 |    13 |    57 |     4 ||    93
       Constrict         |    12 |    12 |    30 |     1 ||    55
       Punch             |       |     1 |     8 |       ||     9
 Cast: Summon Small Mamm |    27 |     9 |    32 |     1 ||    69
       Call Imp          |    13 |     6 |    24 |     1 ||    44
       Call Canine Famil |     6 |     6 |    47 |     4 ||    63
       Summon Guardian G |       |       |    14 |     2 ||    16
       Summon Lightning  |       |       |     7 |     1 ||     8
  Use: Scroll            |    11 |       |    15 |       ||    26
       Potion            |       |       |     5 |     1 ||     6
 Stab: Sleeping          |     8 |     1 |    15 |       ||    24
Armor: Skin              |     9 |     6 |    68 |     7 ||    90
Dodge: Dodged            |    33 |    19 |   148 |    14 ||   214
